 Dungeon Crawl Stone Soup version 0.29-a0-330-g52719c12eb (webtiles) character file.

Game seed: 16748797300161372580

42 Argons the Firebug (level 3, -3/29 HPs)
             Began as a Ghoul Fire Elementalist on Apr 24, 2022.
             Slain by a kobold
             ... wielding a +0 short sword
              (4 damage)
             ... on level 1 of the Dungeon.
             The game lasted 00:06:59 (1086 turns).

Argons the Firebug (Ghoul Fire Elementalist)        Turns: 1086, Time: 00:07:00

Health: -3/29      AC:  2    Str: 13    XL:     3   Next: 54%
Magic:  4/4        EV: 12    Int: 10    God:
Gold:   37         SH:  0    Dex:  9    Spells: 4/5 levels left

rFire   . . .      SeeInvis .   e - +0 demon blade (elec)
rCold   + . .      Faith    .   (no shield)
rNeg    + + +      Spirit   .   a - +0 robe
rPois   ∞          Reflect  .   (no helmet)
rElec   .          Harm     .   (no cloak)
rCorr   .          Rampage  .   (no gloves)
Will    .....                   (no boots)
Stlth   ++........              (no amulet)
HPRegen 0.00/turn               (no ring)
MPRegen 0.09/turn               (no ring)

@: inhibited regen
A: claws 1, cold resistance 1, negative energy resistance 3, inhibited
regeneration, torment resistance 2, devour on kill
a: no special abilities


You were on level 1 of the Dungeon.
You visited 1 branch of the dungeon, and saw 2 of its levels.

You collected 37 gold pieces.

Inventory:

Hand Weapons
 d - a +1 whip of venom
 e - a +0 demon blade of electrocution (weapon)
Armour
 a - a +0 robe (worn)
Potions
 b - a potion of magic
 c - a potion of curing
 g - a potion of might {unknown}
 i - a potion of heal wounds {unknown}


   Skills:
 - Level 2.0 Fighting
 + Level 0.1 Long Blades
 - Level 1.7 Dodging
 - Level 2.1 Stealth
 - Level 2.4 Unarmed Combat
 - Level 1.7 Spellcasting
 - Level 0.7 Conjurations
 - Level 2.4 Fire Magic


You had 4 spell levels left.
You knew the following spells:

 Your Spells              Type           Power      Damage    Failure   Level
a - Foxfire               Conj/Fire      16%        2x1d4     17%         1

Your spell library contained the following spells:

 Spells                   Type           Power      Damage    Failure   Level
 Scorch                   Fire           10%        2d5       19%         2
 Conjure Flame            Conj/Fire      4%         6-21      45%         3
 Inner Flame              Hex/Fire       3%         N/A       52%         3
 Flame Wave               Conj/Fire      4%         2d5       86%         4


Dungeon Overview and Level Annotations

Branches:
Dungeon (2/15)

Altars:


Innate Abilities, Weirdness & Mutations

You are immune to poison.
You have sharp fingernails.
Your flesh is cold resistant. (rC+)
You are immune to negative energy. (rN+++)
You do not regenerate when monsters are visible.
You are immune to unholy pain and torment.
You thrive by killing the living.


Message History

Okay, then.
Your surroundings suddenly seem different.
(D) Dungeon
Where to? (? - help)
What level of the Dungeon? (default 1, ? - help)
There is an open door here.
There is a stone staircase leading down here.
You climb downwards.
The kobold shouts!
Found four items.
There is a stone staircase leading up here.
There are monsters nearby!
The quokka bites you.
The kobold hits you with a +0 short sword.
You climb upwards.
There is a stone staircase leading down here.
The quokka bites you.
The kobold throws a stone.
The stone misses you. The quokka attacks as you move away!
The quokka bites you.
The quokka twitches its whiskers.
The quokka bites you.
You closely miss the quokka. The quokka bites you.
You miss the quokka.
You feel your willpower return. The quokka bites you.
The quokka barely misses you.
You hit the quokka but do no damage. The quokka bites you.
* * * LOW HITPOINT WARNING * * *
You closely miss the quokka. The quokka completely misses you.
The quokka barely misses you.
You barely miss the quokka. The quokka bites you.
* * * LOW HITPOINT WARNING * * *
The quokka bites you.
* * * LOW HITPOINT WARNING * * *
You closely miss the quokka. Your claw misses the quokka.
The quokka closely misses you.
You hit the quokka.
You kill the quokka!
The kobold throws a stone.
The stone barely misses you.
You barely miss the kobold.
The kobold hits you with a +0 short sword.
You die...

#.#############.## #.#
#.# #.####### #.##
#.#.....# #..>
#.#.....# #.##
#.#.....#######.##
#.#.....#.........
#.#.....#.#######.
#@#.....#.# #.
#K#.......#######'
#>.........)......
#.........#.......
#####.#####...#.......
#.......# #...#.......
#.......# #.###.......
#.......# #.# #.......
#.......###.###.....[.


You could see a kobold.

Vanquished Creatures
  A dart slug (D:1)
  2 ball pythons (D:1)
  2 endoplasms (D:1)
  4 goblins (D:1)
  4 hobgoblins (D:1)
  7 jackals (D:1)
  A quokka (D:1)
  6 bats (D:1)
  A frilled lizard (D:1)
  4 kobolds (D:1)
32 creatures vanquished.

Vanquished Creatures (others)
  20 foxfires (D:1)
20 creatures vanquished.

Grand Total: 52 creatures vanquished

Notes
Turn   | Place    | Note
-------+----------+-------------------------------------------
     0 | D:1      | Argons the Ghoul Fire Elementalist began the quest for the
                  | Orb.
     0 | D:1      | Reached XP level 1. HP: 14/14 MP: 2/2
   220 | D:1      | Reached skill level 1 in Fighting
   220 | D:1      | Reached skill level 1 in Unarmed Combat
   220 | D:1      | Reached XP level 2. HP: 23/23 MP: 3/3
   805 | D:1      | Reached XP level 3. HP: 29/29 MP: 1/4
  1054 | D:1      | Identified a scroll of acquirement
  1054 | D:1      | Acquired a +0 demon blade of electrocution
  1083 | D:1      | HP: 1/29 [quokka (1)]
  1086 | D:1      | Slain by a kobold

Illustrated notes

Levels and vault maps discovered:
D:1:      saegor_arrival_miasma, layout_basic
D:2:      layout_basic, serial_glass, glass_columns_a, glass_columns_a,
          basic_altar, hellmonk_ecumenical_altar_run_dry

Skill      XL: |  1  2  3 |
---------------+----------+-----
Fighting       | 1 2 |  2.0
Unarmed Combat | 1 2 |  2.4
Long Blades    | |  0.1
Dodging        | |  1.7
Stealth        | |  2.1
Spellcasting   | |  1.7
Conjurations   | |  0.7
Fire Magic     | |  2.4

Action                   || total
-------------------------++-------
Melee: Unarmed           ||    22
       Whip              ||    58
       Demon blade       ||     8
 Cast: Foxfire           ||    20
  Use: Scroll            ||     4
 Stab: Sleeping          ||     1
       Distracted        ||     1
Armor: Robe              ||    21
Dodge: Dodged            ||    63

Table legend: (Time is in decaauts)
 A = Elapsed time spent in this place.
 B = Non-inter-level travel time spent in this place.
 C = Inter-level travel time spent in this place.
 D = Time resting spent in this place.
 E = Time spent auto-exploring this place.
 F = Levels seen in this place.
 G = Mean time per level.
                   A        B        C        D        E       F      G
               +--------+--------+--------+--------+--------+-----+--------+
         Total |   1093 |   1079 |     14 |    433 |     40 |   2 |  546.5 |
       Dungeon |   1093 |   1079 |     14 |    433 |     40 |   2 |  546.5 |
               +--------+--------+--------+--------+--------+-----+--------+

Top non-repeatable levels by time:
     D:1: 1089 daAuts
     D:2: 3 daAuts
